AoeStats
← meditator27

Arabia

509045498Analyzed
4v4 RM · 5d ago on Sep 25, 2026· 45m 42s· 8 players
Game mode
Random Map
Map size
Large (8 player)
Population
200
Speed
Normal
Resources
Standard
Victory
Conquest
Starting age
Dark Age
Ending age
Imperial Age
RankedLock teamsTeams togetherTeam positionsShared explorationLock speedFull tech treeHidden civsTurbo modeCheats
Victory
Defeat
🇨🇳 Mongols · China
1286
+11
🇹🇼 Franks · Taiwan
1207
+14
🇦🇷 Malay · Argentina
1167
+16
🇭🇰 Goths · Hong Kong SAR China
1040
+21
🇧🇴 Ethiopians · Bolivia
1336
-22
🇨🇳 Poles · China
1324
-21
🇺🇸 Magyars · United States
1023
-10
🇨🇴 Varangians · Colombia
1000
-9
慈溪大头
7:16 Loom
9:17 Feudal Age
10:54 Double-Bit Axe
12:49 Horse Collar
17:22 Stone Mining
19:34 Castle Age
18:34 Gold Mining
23:30 Fletching
24:14 Bow Saw
25:03 Wheelbarrow
26:40 Bodkin Arrow
27:33 Ballistics
27:49 Padded Archer Armor
29:03 Heavy Plow
34:32 Imperial Age
32:05 Husbandry
32:31 Bloodlines
32:38 Hand Cart
33:52 Leather Archer Armor
34:46 Stone Shaft Mining
35:09 Elite Mangudai
36:11 Conscription
37:38 Chemistry
36:57 Siege Engineers
37:29 Parthian Tactics
39:08 Scale Barding Armor
39:09 Bracer
40:14 Scale Barding Armor
40:19 Forging
41:46 Chain Barding Armor
42:08 Drill
41:47 Light Cavalry
43:03 Iron Casting
42:18 Capped Ram
42:38 Hussar
45:27 Blast Furnace
慈溪牛牛
4:18 Loom
11:10 Feudal Age
16:12 Castle Age
14:42 Double-Bit Axe
14:52 Horse Collar
19:25 Bow Saw
21:30 Scale Mail Armor
26:53 Heavy Plow
27:02 Pikeman
28:27 Gold Mining
28:27 Stone Mining
32:02 Wheelbarrow
32:23 Squires
33:03 Hand Cart
35:07 Anarchy
38:47 Imperial Age
37:02 Forging
36:52 Scale Mail Armor
39:54 Iron Casting
39:35 Chain Mail Armor
39:43 Halberdier
41:25 Conscription
42:15 Elite Huskarl
43:55 Perfusion
44:59 Blast Furnace
45:19 Town Watch
meditator27
7:29 Loom
9:38 Feudal Age
10:40 Double-Bit Axe
22:01 Castle Age
20:42 Forging
22:06 Gold Mining
23:21 Bow Saw
25:28 Wheelbarrow
25:27 Scale Barding Armor
28:22 Iron Casting
30:04 Chain Barding Armor
34:00 Hand Cart
37:43 Imperial Age
35:42 Stone Mining
37:49 Cavalier
39:54 Gold Shaft Mining
39:24 Husbandry
40:27 Blast Furnace
40:44 Plate Barding Armor
42:31 Paladin
LORIAN
3:06 Loom
11:04 Feudal Age
11:44 Double-Bit Axe
16:35 Horse Collar
18:19 Padded Archer Armor
18:10 Fletching
24:31 Castle Age
23:36 Scale Barding Armor
23:24 Gold Mining
26:05 Bow Saw
26:12 Husbandry
26:55 Gold Shaft Mining
29:35 Forging
40:17 Thumb Ring
39:32 Crossbowman
40:49 Murder Holes
43:11 Stone Mining
EXILS_ANDRENUS
7:09 Loom
9:43 Feudal Age
11:36 Double-Bit Axe
18:24 Scale Barding Armor
18:30 Forging
19:31 Horse Collar
23:34 Castle Age
25:00 Bloodlines
25:08 Husbandry
28:10 Iron Casting
29:46 Szlachta Privileges
29:34 Gold Mining
31:16 Chain Barding Armor
38:07 Bow Saw
38:45 Heavy Plow
42:42 Imperial Age
42:21 Light Cavalry
chamandres
2:26 Loom
12:00 Feudal Age
20:50 Castle Age
19:45 Stone Mining
19:42 Double-Bit Axe
20:47 Horse Collar
21:03 Gold Mining
25:03 Wheelbarrow
28:24 Ballistics
28:25 Hand Cart
27:55 Pikeman
31:27 Heavy Plow
33:59 Forging
34:41 Murder Holes
36:51 Vendel Legacy
38:03 Fletching
38:13 Padded Archer Armor
38:21 Scale Barding Armor
38:37 Elite Skirmisher
EXILS_danmerchan10
5:13 Loom
10:47 Feudal Age
20:38 Castle Age
21:07 Scale Mail Armor
23:34 Chain Mail Armor
23:26 Double-Bit Axe
24:56 Horse Collar
26:39 Scale Barding Armor
32:17 Corvinian Army
32:31 Crossbowman
32:53 Elite Skirmisher
37:10 Padded Archer Armor
37:00 Fletching
39:26 Wheelbarrow
38:37 Town Watch
42:15 Imperial Age
41:30 Chain Barding Armor
41:06 Bodkin Arrow
41:26 Leather Archer Armor
DSLG | GORDA CACHONDA
7:23 Loom
9:42 Feudal Age
12:29 Fletching
12:39 Padded Archer Armor
19:38 Double-Bit Axe
25:07 Castle Age
25:33 Crossbowman
26:20 Thumb Ring
26:13 Bodkin Arrow
26:18 Padded Archer Armor
27:22 Padded Archer Armor
27:51 Ballistics
36:13 Wheelbarrow
37:09 Squires
Connection lost

Rejoining the realm…

Still unreachable

The connection could not be restored.

Session expired

The server has moved on; the page needs a fresh start.